 Dungeon Crawl Stone Soup version 0.22.1-1-ga44c0e56f4 (webtiles) character file.

397 LLavrengius the Stinger (level 6, 0/40 HPs)
             Began as a Gargoyle Venom Mage on Nov 1, 2018.
             Was a Follower of Qazlal.
             Slain by an orc priest
             ... wielding a +0 war axe
              (2 damage)
             ... on level 4 of the Dungeon.
             The game lasted 00:10:56 (3259 turns).

LLavrengius the Stinger (Gargoyle Venom Mage)       Turns: 3259, Time: 00:10:57

Health: 0/40       AC:  6    Str: 12    XL:     6   Next: 83%
Magic:  9/9        EV: 10    Int: 17    God:    Qazlal [*.....]
Gold:   127        SH:  2    Dex: 10    Spells: 6/9 levels left

rFire    . . .     SeeInvis .   t - +0 hand axe (venom)
rCold    . . .     Gourm    .   (no shield)
rNeg     + . .     Faith    .   a - +0 robe
rPois    ∞         Spirit   .   (no helmet)
rElec    +         Reflect  .   (no cloak)
rCorr    .         Harm     .   (no gloves)
MR       +....                  (no boots)
Stlth    ++........             (no amulet)
HPRegen  0.13/turn              e - -2 ring of evasion (curse)
MPRegen  0.11/turn              p - ring of protection from magic

@: no status effects
A: negative energy resistance 1, electricity resistance, unbreathing,
petrification resistance, rot immunity, AC +4
a: Renounce Religion


You were on level 4 of the Dungeon.
You worshipped Qazlal.
Qazlal was aware of your devotion.
You were not hungry.

You visited 1 branch of the dungeon, and saw 4 of its levels.

You collected 127 gold pieces.

Inventory:

Hand Weapons
 h - a +0 whip of venom
 l - a +0 short sword of venom
 r - a +0 trident
 t - a +0 hand axe of venom (weapon)
Missiles
 g - 132 stones
 q - 2 throwing nets
 w - 3 javelins
 x - 7 tomahawks (quivered)
Armour
 a - a +0 robe (worn)
Jewellery
 e - a cursed -2 ring of evasion (left hand)
 p - a ring of protection from magic (right hand)
Scrolls
 b - 3 scrolls of enchant weapon {unknown}
 d - 2 scrolls of teleportation {unknown}
 k - a scroll of immolation {unknown}
 m - 2 scrolls of remove curse {unknown}
 u - 4 scrolls of identify {unknown}
 y - 2 scrolls of magic mapping {unknown}
 B - a scroll of amnesia {unknown}
Potions
 f - 2 potions of lignification {unknown}
 i - 2 potions of mutation {unknown}
 j - 2 potions of brilliance {unknown}
 n - a potion of invisibility {unknown}
 o - 2 potions of heal wounds {unknown}
 s - a potion of degeneration {unknown}
 v - a potion of curing {unknown}
 z - a potion of berserk rage {unknown}
Comestibles
 c - 9 rations
 A - 2 chunks of flesh


   Skills:
 + Level 4.8 Fighting
 - Level 1.5 Dodging
 - Level 2.1 Stealth
 - Level 2.0 Spellcasting
 - Level 2.2 Conjurations
 + Level 5.4 Poison Magic


You had 6 spell levels left.
You knew the following spells:

 Your Spells              Type           Power        Failure   Level  Hunger
a - Sting                 Conj/Pois      ##..         4%          1    #......
b - Poisonous Vapours     Pois/Air       ##....       10%         2    ###....

Your spell library contained the following spells:

 Spells                   Type           Power        Failure   Level  Hunger
 Mephitic Cloud           Conj/Pois/Air  ##......     21%         3    ###....
 Olgreb's Toxic Radiance  Pois           ###.....     21%         4    #####..
 Venom Bolt               Conj/Pois      ##........   73%         5    ######.


Dungeon Overview and Level Annotations

Branches:
Dungeon (4/15)
 Temple: D:4-7

Altars:
Qazlal
Ru
Uskayaw
Xom

Annotations:
D:4 meralisa's ghost, amateur NaTm


Innate Abilities, Weirdness & Mutations

You are resistant to torment.
Your stone body is resilient. (AC +4)
You are immune to poison.
You resist negative energy. (rN+)
You are resistant to electric shocks. (rElec)
You can survive without breathing.
You are immune to petrification.
You are immune to rotting.


Message History

The quasit gives a chilling moan.
The orc priest shouts!
The orc priest invokes the aid of Beogh against you.
Beogh smites you!
The orc priest invokes the aid of Beogh against you.
Beogh smites you!
You barely miss the orc priest. The orc priest hits you with a war axe.
You hit the orc priest.
The orc priest is moderately wounded.
The orc priest invokes the aid of Beogh against you.
Beogh smites you!
* * * LOW HITPOINT WARNING * * *
The orc priest hits you with a war axe.
* * * LOW HITPOINT WARNING * * *
You barely miss the orc priest.
The orc priest is moderately wounded.
The orc priest barely misses you.
You closely miss the orc priest.
The orc priest is moderately wounded.
The orc priest hits you with a war axe.
You die...

... .. ## .. #.
.#5W
##'#####.#####
#............##
............$
#o.##.....#
##§@##(....##
#..§........#
#...........+
##..###..####
####+###<.##
#..........#
#..........#
#.)........#
.....'..........+


You could see an orc priest.

Vanquished Creatures
  Sigmund (D:4)
  Natasha (thrice) (D:2)
  3 gnolls (D:2)
  6 adders
  4 worms
  3 dart slugs
  2 leopard geckos
  A ball python (D:4)
  7 goblins
  7 hobgoblins
  12 jackals
  5 kobolds
  2 quokkas (D:2)
  4 bats
  3 frilled lizards
  3 rats
66 creatures vanquished.

Notes
Turn   | Place    | Note
-------+----------+-------------------------------------------
     0 | D:1      | LLavrengius the Gargoyle Venom Mage began the quest for the
                  | Orb.
     0 | D:1      | Reached XP level 1. HP: 10/10 MP: 3/3
   253 | D:1      | Reached XP level 2. HP: 16/16 MP: 0/5
   309 | D:1      | Learned a level 2 spell: Poisonous Vapours
   491 | D:1      | Reached skill level 1 in Fighting
  1018 | D:2      | Noticed Natasha
  1027 | D:2      | Noticed a crimson imp
  1027 | D:2      | Killed Natasha
  1027 | D:2      | Reached XP level 3. HP: 19/21 MP: 6/6
  1081 | D:2      | Found a sacrificial altar of Ru.
  1083 | D:2      | Found a hide-covered altar of Uskayaw.
  1087 | D:2      | Found a shimmering altar of Xom.
  1175 | D:2      | Noticed Natasha
  1182 | D:2      | Killed Natasha
  1182 | D:2      | Reached XP level 4. HP: 9/27 MP: 0/7
  1500 | D:2      | Reached skill level 4 in Poison Magic
  1519 | D:2      | Reached XP level 5. HP: 16/32 MP: 2/8
  1689 | D:2      | Noticed Natasha
  1693 | D:2      | Killed Natasha
  2406 | D:3      | Found a faded altar of an unknown god.
  2568 | D:3      | Became a worshipper of Qazlal Stormbringer
  2568 | D:3      | Reached * piety under Qazlal
  2920 | D:3      | Reached XP level 6. HP: 37/38 MP: 9/9
  3175 | D:4      | Noticed Sigmund
  3181 | D:4      | Killed Sigmund
  3181 | D:4      | Reached skill level 5 in Poison Magic
  3253 | D:4      | Noticed meralisa's ghost (amateur NaTm)
  3257 | D:4      | HP: 2/40 [orc priest/war axe (6)]
  3259 | D:4      | Slain by an orc priest

Skill      XL: |  1  2  3  4  5  6 |
---------------+-------------------+-----
Fighting       | 1 2 3 4 |  4.8
Conjurations   | 2 |  2.2
Poison Magic   | 4 5 |  5.4
Dodging        | |  1.5
Stealth        | |  2.1
Spellcasting   | |  2.0

Action                   |  1- 3 |  4- 6 || total
-------------------------+-------+-------++-------
Melee: Unarmed           |    22 |       ||    22
       Short sword       |    35 |    35 ||    70
       Whip              |     8 |       ||     8
       Club              |     3 |       ||     3
       Hand axe          |       |   109 ||   109
Throw: Stone             |       |     1 ||     1
       Tomahawk          |       |     2 ||     2
 Cast: Sting             |     8 |     1 ||     9
       Poisonous Vapours |     4 |    11 ||    15
 Stab: Sleeping          |       |     1 ||     1
  Eat: Chunk             |     1 |     8 ||     9
Armor: Robe              |    20 |    48 ||    68
Dodge: Dodged            |    65 |    85 ||   150
Block: Other             |       |     4 ||     4
